AoeStats
← 小虾米

Lombardia

510021200Analyzed
4v4 RM · 3d ago on Sep 29, 2026· 58m 20s· 8 players
Game mode
Random Map
Map size
Large (8 player)
Population
200
Speed
Normal
Resources
Standard
Victory
Conquest
Starting age
Dark Age
Ending age
Imperial Age
RankedLock teamsTeams togetherTeam positionsShared explorationLock speedFull tech treeHidden civsTurbo modeCheats
Victory
Defeat
🇦🇷 Danes · Argentina
1133
+15
🇦🇺 Burgundians · Australia
1120
+16
🇦🇺 Romans · Australia
1073
+18
🇹🇼 Saracens · Taiwan
1055
+17
🇺🇸 Mongols · United States
1152
-18
🇨🇳 Goths · China
1151
-18
🇩🇪 Saxons · Germany
1085
-16
🇺🇸 Romans · United States
1052
-14
帝国小菜鸡
10:35 Feudal Age
14:09 Castle Age
12:28 Double-Bit Axe
17:38 Horse Collar
21:06 Wheelbarrow
20:21 Loom
22:41 Bow Saw
23:41 Heavy Plow
25:03 Hand Cart
24:43 Gold Mining
24:45 Stone Mining
27:08 Gold Shaft Mining
27:09 Stone Shaft Mining
27:38 Fletching
30:33 Imperial Age
28:20 Bodkin Arrow
28:29 Padded Archer Armor
30:42 Leather Archer Armor
31:22 Bracer
30:59 Elite Mangudai
32:03 Conscription
32:25 Bloodlines
32:16 Husbandry
33:22 Parthian Tactics
33:03 Thumb Ring
33:29 Ballistics
35:08 Chemistry
34:14 Siege Engineers
34:06 Murder Holes
35:15 Forging
40:43 Drill
40:30 Capped Ram
41:10 Town Watch
41:21 Siege Ram
42:14 Heavy Scorpion
46:06 Caravan
50:48 Scale Barding Armor
51:18 Iron Casting
51:59 Light Cavalry
54:15 Blast Furnace
53:35 Chain Barding Armor
52:38 Hussar
b7ackwar
8:20 Loom
10:36 Feudal Age
11:01 Man-at-Arms
17:58 Castle Age
17:27 Double-Bit Axe
17:24 Horse Collar
18:25 Town Watch
31:24 Bow Saw
31:17 Heavy Plow
34:43 Imperial Age
33:19 Forging
33:11 Scale Mail Armor
33:02 Fletching
33:34 Squires
33:20 Arson
33:23 Gambesons
34:27 Wheelbarrow
33:39 Treadmill Crane
34:04 Pikeman
35:32 Chain Mail Armor
35:53 Iron Casting
35:14 Bodkin Arrow
36:19 Elite Hearth Troop
38:01 Plate Mail Armor
37:39 Halberdier
HEADUP
0:50 Loom
11:53 Feudal Age
15:40 Castle Age
14:07 Double-Bit Axe
14:16 Horse Collar
17:00 Heavy Plow
22:12 Scale Mail Armor
23:21 Bow Saw
26:27 Wheelbarrow
30:02 Imperial Age
27:19 Town Watch
29:52 Hand Cart
29:23 Town Watch
30:13 Chain Mail Armor
30:09 Forging
31:17 Stone Mining
31:18 Gold Mining
32:33 Conscription
33:25 Iron Casting
33:37 Squires
35:36 Blast Furnace
34:41 Town Patrol
35:34 Crop Rotation
36:17 Perfusion
36:21 Pikeman
38:28 Fletching
39:19 Halberdier
41:08 Anarchy
41:17 Man-at-Arms
44:01 Elite Huskarl
47:14 Bodkin Arrow
47:19 Padded Archer Armor
50:21 Chemistry
49:02 Treadmill Crane
49:33 Masonry
50:35 Bracer
53:47 Long Swordsman
56:06 Two-Handed Swordsman
小虾米
0:29 Loom
13:04 Feudal Age
13:35 Double-Bit Axe
18:43 Castle Age
17:27 Horse Collar
18:52 Wheelbarrow
20:01 Bow Saw
19:53 Heavy Plow
21:02 Hand Cart
24:22 Stone Mining
27:27 Pikeman
28:29 Gold Mining
31:13 Man-at-Arms
35:23 Imperial Age
32:21 Long Swordsman
34:18 Murder Holes
37:46 Halberdier
38:27 Squires
37:47 Legionary
39:05 Squires
40:14 Scale Mail Armor
40:24 Forging
40:37 Comitatenses
40:37 Conscription
41:24 Gold Shaft Mining
40:25 Capped Ram
42:13 Chain Mail Armor
42:33 Iron Casting
42:40 Siege Ram
46:39 Blast Furnace
45:13 Sappers
45:48 Ballistas
50:44 Elite Centurion
51:00 Heavy Scorpion
51:56 Caravan
52:26 Coinage
53:18 Padded Archer Armor
53:08 Fletching
54:53 Leather Archer Armor
54:34 Bodkin Arrow
58:47 Chemistry
57:58 Fortified Wall
ImpactMak50
10:53 Feudal Age
11:21 Double-Bit Axe
12:13 Loom
12:51 Horse Collar
13:45 Man-at-Arms
15:22 Forging
24:52 Castle Age
23:14 Gold Mining
23:50 Stone Mining
27:18 Bow Saw
29:01 Gold Shaft Mining
29:38 Wheelbarrow
29:29 Heavy Plow
35:49 Fletching
36:01 Padded Archer Armor
38:48 Imperial Age
36:06 Elite Skirmisher
37:37 Murder Holes
39:42 Bodkin Arrow
40:03 Leather Archer Armor
40:12 Ballistics
40:54 Chemistry
40:17 Heavy Scorpion
43:28 Ring Archer Armor
47:53 Fortified Wall
50:57 Capped Ram
52:05 Siege Engineers
52:12 Masonry
52:34 Siege Ram
54:45 Ballistas
a0973081361
11:23 Feudal Age
17:15 Castle Age
15:47 Horse Collar
15:54 Double-Bit Axe
18:16 Bow Saw
18:06 Loom
19:32 Heavy Plow
27:54 Wheelbarrow
29:03 Bloodlines
28:53 Husbandry
29:52 Hand Cart
34:11 Imperial Age
32:16 Forging
33:19 Gold Mining
33:19 Stone Mining
33:32 Caravan
35:03 Scale Barding Armor
35:38 Iron Casting
35:20 Elite Mameluke
36:47 Chain Barding Armor
37:10 Ballistics
37:50 Chemistry
37:16 Conscription
37:56 Thumb Ring
40:05 Gold Shaft Mining
42:28 Fletching
42:38 Padded Archer Armor
44:03 Blast Furnace
43:39 Plate Barding Armor
43:56 Town Watch
44:19 Bodkin Arrow
44:39 Leather Archer Armor
45:17 Town Patrol
47:54 Bracer
53:28 Ring Archer Armor
StandingTall
11:16 Feudal Age
9:34 Loom
10:13 Double-Bit Axe
14:48 Horse Collar
17:18 Castle Age
23:27 Wheelbarrow
22:35 Light Cavalry
28:56 Gold Mining
28:56 Stone Mining
29:48 Hand Cart
29:52 Town Watch
30:26 Bow Saw
31:36 Husbandry
30:56 Cavalier
35:06 Imperial Age
32:45 Burgundian Vineyards
34:13 Forging
34:13 Scale Barding Armor
34:36 Scale Barding Armor
35:11 Gold Shaft Mining
36:15 Iron Casting
36:01 Chain Barding Armor
35:32 Treadmill Crane
36:13 Ballistics
35:14 Hussar
38:10 Heavy Plow
39:12 Two-Man Saw
40:05 Conscription
40:23 Stone Shaft Mining
39:57 Paladin
42:22 Blast Furnace
43:01 Chemistry
42:50 Plate Barding Armor
46:05 Bombard Tower
45:40 Murder Holes
45:55 Masonry
47:56 Fletching
48:06 Scale Mail Armor
48:59 Architecture
48:39 Fortified Wall
48:31 Sappers
49:26 Caravan
49:36 Guilds
53:16 Coinage
53:49 Herbal Medicine
54:43 Hoardings
55:42 Crop Rotation
57:37 Banking
[TYN] Shamburger
8:03 Loom
10:18 Feudal Age
10:44 Feudal Age
13:29 Double-Bit Axe
16:43 Castle Age
15:31 Forging
15:21 Scale Mail Armor
15:44 Town Watch
17:40 Gambesons
19:13 Wheelbarrow
22:07 Arson
22:22 Squires
23:22 Squires
24:23 Horse Collar
27:45 Iron Casting
27:25 Chain Mail Armor
30:46 Hamask
31:52 Bow Saw
31:19 Pikeman
34:44 Heavy Plow
36:15 Gold Mining
36:16 Stone Mining
36:16 Gold Mining
36:16 Stone Mining
36:16 Gold Mining
36:16 Stone Mining
36:21 Elite Skirmisher
37:07 Thumb Ring
39:40 Fletching
39:50 Padded Archer Armor
42:52 Imperial Age
40:41 Bodkin Arrow
41:50 Hand Cart
41:36 Town Patrol
42:52 Gold Shaft Mining
42:52 Stone Shaft Mining
42:53 Leather Archer Armor
43:21 Elite Varangian Guard
43:37 Cranequins
45:00 Conscription
47:25 Blast Furnace
46:55 Plate Mail Armor
46:28 Bracer
46:59 Ring Archer Armor
46:35 Elite Jomsviking
49:21 Halberdier
52:30 Chemistry
51:50 Ballistics
57:13 Man-at-Arms
Connection lost

Rejoining the realm…

Still unreachable

The connection could not be restored.

Session expired

The server has moved on; the page needs a fresh start.